 Dungeon Crawl Stone Soup version 0.30.1 (webtiles) character file.

Game seed: 13388565369013116029

110 Descartes the Magician (level 4, -5/24 HPs)
             Began as a Deep Elf Hedge Wizard on July 13, 2023.
             Slain by Ijyb
             ... wielding a +8 club
              (7 damage)
             ... on level 3 of the Dungeon.
             The game lasted 00:05:13 (3123 turns).

Descartes the Magician (Deep Elf Hedge Wizard)      Turns: 3123, Time: 00:05:14

Health: -5/24      AC:  2    Str:  7      XL:     4   Next: 61%
Magic:  13/13      EV: 12    Int: 17 (21) God:
Gold:   105        SH:  0    Dex: 10 (14) Spells: 12/13 levels left

rFire   . . .        a - +0 dagger
rCold   . . .        (no shield)
rNeg    . . .        b - +0 robe
rPois   .            c - +0 hat
rElec   .            (no cloak)
rCorr   .            (no gloves)
SInv    .            (no boots)
Will    .....        (no amulet)
Stlth   ++           f - ring of wizardry
HPRegen 0.24/turn    (no ring)
MPRegen 0.13/turn

%: wizardry (x1)
@: very slow
A: no striking features
a: no special abilities


You were on level 3 of the Dungeon.
You visited 1 branch of the dungeon, and saw 3 of its levels.

You collected 105 gold pieces.

Inventory:

Hand Weapons
 a - a +0 dagger (weapon)
Armour
 b - a +0 robe (worn)
 c - a +0 hat (worn)
Jewellery
 f - a ring of wizardry (left hand)
 p - an amulet of regeneration
 r - an amulet of faith
 u - a ring of poison resistance
 z - an amulet of the acrobat
Scrolls
 j - a scroll of fear {unknown}
 l - a scroll of silence {unknown}
 m - 3 scrolls of identify {unknown}
 n - 2 scrolls of enchant armour {unknown}
 o - 3 scrolls of teleportation {unknown}
 q - 2 scrolls of vulnerability {unknown}
 s - a scroll of blinking {unknown}
 v - a scroll of fog {unknown}
 w - a scroll of immolation {unknown}
 y - a scroll of poison {unknown}
Potions
 d - a potion of magic
 e - a potion of heal wounds {unknown}
 g - a potion of curing {unknown}
 h - a potion of might {unknown}
 i - a potion of lignification {unknown}
 k - a potion of flight {unknown}
 t - a potion of cancellation {unknown}
 x - a potion of mutation {unknown}


   Skills:
 - Level 2.4 Dodging
 - Level 2.4 Stealth
 - Level 5.0 Spellcasting
 + Level 4.6 Conjurations
 - Level 1.1 Summonings
 - Level 1.1 Translocations


You had 12 spell levels left.
You knew the following spells:

 Your Spells              Type           Power      Damage    Failure   Level
a - Magic Dart            Conj           80%        1d7       1%          1

Your spell library contained the following spells:

 Spells                   Type           Power      Damage    Failure   Level
 Slow                     Hex            16%        N/A       6%          1
 Blink                    Tloc           16%        N/A       6%          2
 Call Imp                 Summ           16%        N/A       6%          2
 Cigotuvi's Dreadful Rot  Necr/Pois/Air  8%         N/A       9%          2
 Mephitic Cloud           Conj/Pois/Air  9%         N/A       9%          3


Dungeon Overview and Level Annotations

Branches:
Dungeon (3/15)

Altars:
Cheibriados
Zin

Annotations:
D:3 Ijyb


Message History

Casting: Magic Dart (safe; 1% risk of failure)
Confirm with . or Enter, or press ? or * to list all spells.
Aiming: Magic Dart (safe; 1% risk of failure)
Press: ? - help, Shift-Dir - straight line, f/p - Ijyb
Aim: Ijyb, wielding a +8 club, wearing a +0 ring mail and carrying a wand of paralysis (3) (almost dead, 100% to hit)
The magic dart hits Ijyb but does no damage.
Ijyb is almost dead.
Ijyb hits you with a +8 club!
Casting: Magic Dart (safe; 1% risk of failure)
Confirm with . or Enter, or press ? or * to list all spells.
Aiming: Magic Dart (safe; 1% risk of failure)
Press: ? - help, Shift-Dir - straight line, f/p - Ijyb
Aim: Ijyb, wielding a +8 club, wearing a +0 ring mail and carrying a wand of paralysis (3) (almost dead, 100% to hit)
The magic dart hits Ijyb but does no damage.
Ijyb is almost dead.
Ijyb hits you with a +8 club!
Casting: Magic Dart (safe; 1% risk of failure)
Confirm with . or Enter, or press ? or * to list all spells.
Aiming: Magic Dart (safe; 1% risk of failure)
Press: ? - help, Shift-Dir - straight line, f/p - Ijyb
Aim: Ijyb, wielding a +8 club, wearing a +0 ring mail and carrying a wand of paralysis (3) (almost dead, 100% to hit)
The magic dart hits Ijyb but does no damage.
Ijyb is almost dead.
Ijyb zaps a wand.
You suddenly lose the ability to move!
Ijyb hits you with a +8 club.
* * * LOW HITPOINT WARNING * * *
You can move again.
Unknown command.
Magic courses through your body. Ijyb hits you with a +8 club.
* * * LOW HITPOINT WARNING * * *
Casting: Magic Dart (safe; 1% risk of failure)
Confirm with . or Enter, or press ? or * to list all spells.
Aiming: Magic Dart (safe; 1% risk of failure)
Press: ? - help, Shift-Dir - straight line, f/p - Ijyb
Aim: Ijyb, wielding a +8 club, wearing a +0 ring mail and carrying a wand of paralysis (2) (almost dead, 100% to hit)
The magic dart hits Ijyb but does no damage.
Ijyb is almost dead.
Ijyb screams, "Me kill you!" Ijyb hits you with a +8 club!
You die...

##### #########
#...#####.......#
#.#........####.#
#...#####..##.<..
######.##
#..##..).
#...##.#
#..##....
#...@..#
#..##....
#..g####
#..##.... ##.#
#.....#.# #.
#.#####.# .
#.#####.# [.
#.......# .#
######### #.


You could see Ijyb.

Vanquished Creatures
  Terence (D:2)
  3 adders
  2 worms
  2 dart slugs (D:1)
  An orc (D:2)
  5 ball pythons
  6 bats
  2 endoplasms
  2 giant cockroaches (D:2)
  4 goblins
  8 hobgoblins
  3 quokkas
  A frilled lizard (D:1)
  4 kobolds
  7 rats
51 creatures vanquished.

Notes
Turn   | Place    | Note
-------+----------+-------------------------------------------
     0 | D:1      | Descartes the Deep Elf Hedge Wizard began the quest for the
                  | Orb.
     0 | D:1      | Reached XP level 1. HP: 10/10 MP: 7/7
   290 | D:1      | Reached XP level 2. HP: 15/15 MP: 6/9
   409 | D:1      | Found a faded altar of an unknown god.
   445 | D:1      | Prayed at the altar of an unknown god.
   445 | D:1      | Became a worshipper of Cheibriados the Contemplative
   445 | D:1      | Reached * piety under Cheibriados
   552 | D:1      | Reached skill level 5 in Spellcasting
   854 | D:1      | Fell from the grace of Cheibriados
  1107 | D:1      | Reached XP level 3. HP: 19/19 MP: 8/11
  2636 | D:3      | Reached XP level 4. HP: 24/24 MP: 11/13
  2664 | D:3      | Noticed Terence
  2680 | D:2      | Killed Terence
  2794 | D:3      | Found a glowing silver altar of Zin.
  3099 | D:3      | Noticed Ijyb
  3100 | D:3      | Paralysed by Ijyb for 5 turns
  3107 | D:3      | Paralysed by Ijyb for 5 turns
  3120 | D:3      | Paralysed by Ijyb for 2 turns
  3123 | D:3      | Slain by Ijyb

Illustrated notes

Levels and vault maps discovered:
D:1:      dpeg_arrival_radiant, layout_basic,
          hellmonk_ecumenical_altar_crossroads, supply_closet_lemuel,
          minivault_24
D:2:      layout_basic, roderic_lattice_a, kennysheep_generic_room_10
D:3:      layout_loops_ring, mainiacjoe_overflow_24_doors, eino_tiny_chamber,
          nrook_mini_vaults, kennysheep_generic_room_4, uniq_terence, uniq_ijyb

Skill      XL: |  1  2  3  4 |
---------------+-------------+-----
Conjurations   | 2 3 4 |  4.6
Spellcasting   | 5 |  5.0
Dodging        | |  2.4
Stealth        | |  2.4
Summonings     | |  1.1
Translocations | |  1.1

Action                     |  1- 3 |  4- 6 || total
---------------------------+-------+-------++-------
   Cast: Magic Dart        |   111 |    47 ||   158
 Invoke: Renounce Religion |     1 |       ||     1
    Use: Potion            |       |     1 ||     1
 Armour: Robe              |     4 |     2 ||     6
  Dodge: Dodged            |    19 |    16 ||    35
